 Dungeon Crawl Stone Soup version 0.24-a0-580-g6a6c3f8 (webtiles) character file.

Game seed: 16803122723846847079

23 BoppinsLewinski the Bolt Thrower (level 3, -1/22 HPs)
             Began as a Kobold Hunter on Aug 22, 2019.
             Slain by an orc priest
             ... wielding a +0 club
              (2 damage)
             ... on level 1 of the Dungeon.
             The game lasted 00:03:49 (1997 turns).

BoppinsLewinski the Bolt Thrower (Kobold Hunter)    Turns: 1997, Time: 00:03:49

Health: -1/22      AC:  3    Str: 10    XL:     3   Next: 10%
Magic:  3/3        EV: 15    Int: 12    God:
Gold:   75         SH:  0    Dex: 15    Spells: 2/2 levels left

rFire    . . .     SeeInvis .   j - +0 whip
rCold    . . .     Gourm    .   (shield restricted)
rNeg     . . .     Faith    .   c - +0 leather armour
rPois    .         Spirit   .   (no helmet)
rElec    .         Reflect  .   (no cloak)
rCorr    .         Harm     .   (no gloves)
MR       .....                  (no boots)
Stlth    ++........             (no amulet)
HPRegen  0.07/turn              (no ring)
MPRegen  0.08/turn              (no ring)

@: about to teleport, starving
A: small, carnivore
a: no special abilities


You were on level 1 of the Dungeon.
You were starving.

You visited 1 branch of the dungeon, and saw 2 of its levels.

You collected 75 gold pieces.

Inventory:

Hand Weapons
 a - a +1 hand crossbow
 b - a +0 short sword
 j - a +0 whip (weapon)
Missiles
 d - 38 bolts
Armour
 c - a +0 leather armour (worn)
 i - a +0 ring mail of magic resistance
Jewellery
 l - a +3 amulet of reflection {unknown}
Scrolls
 e - 2 scrolls of teleportation
 g - a scroll of identify {unknown}
 h - a scroll of enchant armour {unknown}
 k - a scroll of remove curse {unknown}
 m - a scroll of fog {unknown}
Comestibles
 f - 2 rations


   Skills:
 + Level 2.5 Fighting
 + Level 0.1 Maces & Flails
 + Level 5.0 Crossbows
 + Level 2.9 Dodging
 * Level 2.6 Stealth


You had 2 spell levels left.
You didn't know any spells.
Your spell library was empty.

Dungeon Overview and Level Annotations

Branches:
Dungeon (2/15)

Altars:


Innate Abilities, Weirdness & Mutations

You are small and have problems with some larger weapons.
You are carnivorous and can eat meat at any time.


Message History

Ouch! Tha re'lly hurt!
* * * LOW HITPOINT WARNIN'
* * * Unknown command.
Ye barely miss tha orc priest.
Tha orc priest barely misses ye.
Unknown command.
Ye closely miss tha orc priest.
Tha orc priest hits ye wit' a +0 club.
* * * LOW HITPOINT WARNIN'
* * * Unknown command.
Ye hit tha orc priest but do nay damage.
Tha orc priest closely misses ye.
Unknown command.
Ye barely miss tha orc priest.
Tha orc priest hits ye wit' a +0 club.
* * * LOW HITPOINT WARNIN'
* * * Unknown command.
Ye ar'n't carryin' any potions.
Unknown command.
As ye read tha scroll labeled KIZIXZIF ZULI, it crumbles ta dust.
Ye feel strangely unst'ble.
It was a scroll o' teleportation.
Tha orc priest hits ye wit' a +0 club.
Ye die...

#....##.#..######......#### ##. #
#....##.##..## ######## #.. #
#....##.###..# #.. # #....##.#
##.# #.. # #....##.# #.## #.# #
####.##.## #..# #.# #
###.....####.###### #.#
####.......#...(o....# #.#
...........#....@.)..# #..
####......##.........# ##.. #
#.......##........# ##...
####........#################....
.........#..####...###...####..##
####.....#..###....###....###..#
## #.....#..###....###....###..#
.###.....#..##.)#...#...#..##..#
..#########..#..##.....##..#..##


You could see an orc priest.

Vanquished Creatures
  A worm (D:2)
  A leopard gecko (D:1)
  A ball python (D:2)
  5 bats (D:1)
  A giant cockroach (D:2)
  4 goblins (D:1)
  A kobold (D:1)
  A quokka (D:2)
  2 frilled lizards (D:1)
  A rat (D:1)
18 creatures vanquished.

Notes
Turn   | Place    | Note
-------+----------+-------------------------------------------
     0 | D:1      | BoppinsLewinski the Kobold Hunter began the quest for the
                  | Orb.
     0 | D:1      | Reached XP level 1. HP: 12/12 MP: 1/1
   327 | D:1      | Reached XP level 2. HP: 18/18 MP: 2/2
   686 | D:1      | Reached skill level 5 in Crossbows
  1490 | D:2      | Reached XP level 3. HP: 22/22 MP: 3/3
  1996 | D:1      | HP: 1/22 [orc priest/+0 club (2)]
  1997 | D:1      | Slain by an orc priest

Levels and vault maps discovered:
D:1:      dpeg_arrival_snail, layout_basic, serial_park_tiny_2,
          serial_bayou_ford_a, chequers_serial_rivers_micro_c,
          hangedman_glass_teeth
D:2:      layout_loops_cross, minmay_tripent, uniq_crazy_yiuf_cottage,
          uniq_natasha

Skill      XL: |  1  2 |
---------------+-------+-----
Stealth        | 2 |  2.6
Crossbows      | 5 |  5.0
Fighting       | |  2.5
Maces & Flails | |  0.1
Dodging        | |  2.9

Action                   || total
-------------------------++-------
Melee: Whip              ||     7
 Fire: Hand crossbow     ||    46
  Use: Potion            ||     1
       Scroll            ||     1
  Eat: Chunk             ||     1
Dodge: Dodged            ||    15

Table legend:
 A = Non-vault XP
 B = Vault XP
 C = Vault XP percentage of total XP
 D = Non-vault monster count
 E = Vault monster count
 F = Vault count percentage of total count
                 A         B        C        D         E       F
            +---------+---------+-------+---------+---------+-------
      Total |      29 |       4 |  12.1 |      16 |       2 |  11.1
            +---------+---------+-------+---------+---------+-------
        D:1 |      22 |       0 |   0.0 |      14 |       0 |   0.0
        D:2 |       7 |       4 |  36.4 |       2 |       2 |  50.0
            +---------+---------+-------+---------+---------+-------
